 Dungeon Crawl Stone Soup version 0.21.0-3-g78d12a8 (webtiles) character file.

9246 tidbits the Covert (level 11, 0/60 HPs)
             Began as a Vine Stalker Conjurer on Jan 10, 2018.
             Was an Elder of Uskayaw.
             Slain by a meliai
             ... wielding a +0 hand axe
              (2 damage)
             ... on level 4 of the Lair of Beasts.
             The game lasted 00:54:21 (5400 turns).

tidbits the Covert (Vine Stalker Conjurer)          Turns: 5400, Time: 00:54:23

Health: 0/60       AC:  9    Str: 11      XL:     11   Next: 43%
Magic:  0/16       EV: 11    Int: 13 (15) God:    Uskayaw [****..]
Gold:   500        SH:  9    Dex: 13 (14) Spells: 5/14 levels left

rFire    . . .     SeeInvis .   a - +0 dagger (holy)
rCold    . . .     Gourm    .   D - +0 shield
rNeg     . . .     Faith    .   B - +1 troll leather armour {Purgy}
rPois    .         Spirit   +   (helmet restricted)
rElec    .         Reflect  .   C - scarf {cloud immunity}
rCorr    .         Harm     .   G - +2 pair of gloves {archery}
MR       +++..                  F - +0 pair of boots
Stlth    ++++......             w - amulet of rage
HPRegen  1.00/turn              H - ring of protection from magic
MPRegen  0.15/turn              S - ring of protection from magic

@: very slightly contaminated, invisible
A: antennae 1, fangs 3, deterioration 1, regeneration 1, weak 2, magic shield,
antimagic bite, no potion heal 3, rot immunity
a: Stomp, Line Pass, Renounce Religion, Evoke Berserk Rage


You were on level 4 of the Lair of Beasts.
You worshipped Uskayaw.
Uskayaw was noncommittal.
You were not hungry.

You visited 3 branches of the dungeon, and saw 16 of its levels.
You also visited: Ossuary.

You collected 500 gold pieces.

Inventory:

Hand Weapons
 a - a +0 dagger of holy wrath (weapon)
   (You took it off an orc wizard on level 3 of the Dungeon)
 b - a +2 whip of electrocution
   (You took it off Pikel on level 6 of the Dungeon)
 s - a +2 war axe of flaming
   (You took it off an orc on level 3 of the Dungeon)
 u - a +0 hunting sling
 x - a +3 lajatang of electrocution
   (You found it on level 1 of the Lair of Beasts)
 I - a +0 demon trident of freezing
   (You found it in an ossuary)
 T - a +1 trident of flaming
   (You took it off an orc on level 8 of the Dungeon)
 X - a +0 rapier
Missiles
 f - 4 stones
 i - 59 sling bullets
 v - 7 tomahawks (quivered)
 U - 2 javelins
Armour
 B - a +1 troll leather armour (worn) {Purgy}
 C - a scarf of cloud immunity (worn)
   (You found it on level 3 of the Dungeon)
 D - a +0 shield (worn)
 E - the +0 Maxwell's etheric cage {RegenMP+ *Contam rElec MP+4}
   (You found it on level 4 of the Dungeon)

   It insulates you from electricity.
   It affects your magic capacity (+4).
   It causes magical contamination when unequipped.
 F - a +0 pair of boots (worn)
 G - a +2 pair of gloves of archery (worn)
   (You found it on level 3 of the Dungeon)
 M - the +3 chain mail "Gehoj" {Str+4}
   (You found it on level 7 of the Dungeon)

   It affects your strength (+4).
Jewellery
 w - an amulet of rage (around neck)
   (You found it on level 2 of the Dungeon)
 H - a ring of protection from magic (left hand)
   (You found it on level 6 of the Dungeon)
 S - a ring of protection from magic (right hand)
   (You found it on level 8 of the Dungeon)
Wands
 e - a wand of flame (17)
 t - a wand of acid (8)
 N - a wand of digging (12)
 Q - a wand of iceblast (6)
Scrolls
 g - a scroll of magic mapping
 j - 2 scrolls of fog
 l - 3 scrolls of amnesia
 r - 6 scrolls of remove curse
 L - a scroll of fear
 Y - a scroll of summoning
 Z - a scroll of immolation {unknown}
Potions
 d - 4 potions of resistance
 k - a potion of invisibility
 n - 2 potions of berserk rage
 p - 3 potions of flight
 q - 6 potions of curing
 z - 3 potions of cancellation
 A - 3 potions of might
 K - a potion of brilliance
 O - 2 potions of ambrosia
 P - a potion of agility
 V - a potion of haste
Books
 h - a book of Conjurations

   Spells                             Type                      Level
   a - Magic Dart                     Conjuration                  1
   b - Searing Ray                    Conjuration                  2
   c - Dazzling Spray                 Conjuration/Hexes            3
   d - Fulminant Prism                Conjuration/Hexes            4
   e - Force Lance                    Conjuration/Translocation    4
   f - Iskenderun's Mystic Blast      Conjuration                  4
 m - a book of Air
   (You found it on level 2 of the Lair of Beasts)

   Spells                             Type                      Level
   a - Shock                          Conjuration/Air              1
   b - Swiftness                      Charms/Air                   2
   c - Static Discharge               Conjuration/Air              3
   d - Airstrike                      Air                          4
   e - Lightning Bolt                 Conjuration/Air              5
 o - a book of Minor Magic
   (You found it on level 3 of the Dungeon)

   Spells                             Type                      Level
   a - Magic Dart                     Conjuration                  1
   b - Blink                          Translocation                2
   c - Call Imp                       Summoning                    2
   d - Slow                           Hexes                        2
   e - Conjure Flame                  Conjuration/Fire             3
   f - Mephitic Cloud                 Conjuration/Poison/Air       3
 R - a book of Maledictions
   (You found it on level 7 of the Dungeon)

   Spells                             Type                      Level
   a - Corona                         Hexes                        1
   b - Ensorcelled Hibernation        Hexes/Ice                    2
   c - Confuse                        Hexes                        3
   d - Tukima's Dance                 Hexes                        3
   e - Dazzling Spray                 Conjuration/Hexes            3
Comestibles
 c - 15 rations
 y - 2 chunks of flesh


   Skills:
 * Level 7.8 Fighting
 - Level 4.0 Short Blades
 - Level 3.5 Dodging
 + Level 9.7 Stealth
 + Level 4.7 Shields
 - Level 2.1 Spellcasting
 - Level 5.4 Conjurations
 - Level 3.5 Fire Magic
 - Level 2.2 Air Magic
 - Level 2.2 Poison Magic
 + Level 5.5 Invocations
 + Level 5.8 Evocations


You had 5 spell levels left.
You knew the following spells:

 Your Spells              Type           Power        Failure   Level  Hunger
a - Magic Dart            Conj           ###.         13%         1    ##.....
c - Conjure Flame         Conj/Fire      ##......     52%         3    ####...
m - Mephitic Cloud        Conj/Pois/Air  ##......     67%         3    ####...
r - Searing Ray           Conj           ###...       21%         2    ###....


Dungeon Overview and Level Annotations

Branches:
Dungeon (11/15)            Temple (1/1) D:7            Lair (4/6) D:10
  Swamp: Lair:2-4    Shoals: Lair:2-4     Snake: Lair:2-4    Spider: Lair:2-4
    Orc: D:9-12

Altars:
Ashenzari
Cheibriados
Dithmenos
Elyvilon
Fedhas
Gozag
Hepliaklqana
Kikubaaqudgha
Makhleb
Nemelex Xobeh
Okawaru
Qazlal
Ru
Trog
Uskayaw
Vehumet
Wu Jian
Yredelemnul
Zin
The Shining One

Shops:
D:6 =

Annotations:
D:8 exclusion: two-headed ogre
Lair:2 exclusions: death yak and torpor snail
Lair:4 Rupert


Innate Abilities, Weirdness & Mutations

You have razor-sharp teeth.
Your natural rate of healing is unusually fast.
When hurt, damage is shared between your health and your magic reserves.
Your bite disrupts and absorbs the magic of your enemies.
Potions cannot restore your health.
You are immune to rotting.
You have a pair of small antennae on your head.
Your body sometimes deteriorates upon taking damage.
You are very weak. (Str -4)


Message History

Okay, then.
Unknown command.
Your +2 whip of electrocution stops crackling.
Your +0 dagger of holy wrath softly glows with a divine radiance!
a - a +0 dagger of holy wrath (weapon)
The meliai misses you. x2
The killer bee stings you but does no damage.
The killer bee barely misses you.
A killer bee comes into view.
Unknown command.
Unknown command.
You catch the helpless meliai completely off-guard!
You impale the meliai!!
You kill the meliai!
You feel your strength returning. The killer bee closely misses you.
The killer bee stings you!
You are poisoned.
The killer bee poisons you! You block the killer bee's attack.
You can now merge with and destroy a victim.
Unknown command.
You barely miss the killer bee.
The killer bee is almost dead.
You feel sick.
The killer bee is no longer sharing its pain.
The killer bee stings you.
* * * LOW HITPOINT WARNING * * *
You are more poisoned.
The killer bee poisons you! You block the killer bee's attack.
The killer bee barely misses you. You block the killer bee's attack.
You barely miss the killer bee.
The killer bee buzzes angrily.
Your bite misses the killer bee.
The killer bee is almost dead.
You feel sick.
You hear an angry hiss.
You hear an angry buzzing noise.
The killer bee is no longer sharing its pain. x2
You block the killer bee's attack. The killer bee misses you.
The killer bee stings you.
You are more poisoned.
The killer bee poisons you!
You hear an angry buzzing noise. x2
A spiny frog and a killer bee come into view.
You closely miss the killer bee. Your bite misses the killer bee.
The killer bee is almost dead.
You feel sick.
You hear an angry buzzing noise.
You block the killer bee's attack.
The killer bee moves out of view.
You block the killer bee's attack.
The spiny frog moves out of view.
The killer bee misses you.
A killer bee comes into view.
You strike the helpless killer bee from behind!
You impale the killer bee!!
You kill the killer bee!
You feel sick.
The killer bee moves out of view.
The killer bee misses you. The killer bee stings you.
* * * LOW HITPOINT WARNING * * *
A killer bee comes into view.
You miss the killer bee.
The killer bee is heavily wounded.
You feel sick.
The killer bee stings you but does no damage.
The killer bee stings you.
* * * LOW HITPOINT WARNING * * *
You are more poisoned.
The killer bee poisons you!
Unknown command.
Your system rejects the healing.
You feel better. The killer bee stings you.
* * * LOW HITPOINT WARNING * * *
You block the killer bee's attack. x2; The killer bee closely misses you.
You barely miss the killer bee. You block the killer bee's attack.
The killer bee stings you but does no damage.
The killer bee closely misses you.
The meliai closely misses you. x2; The killer bee stings you.
* * * LOW HITPOINT WARNING * * *
You block the meliai's attack. x2
You can no longer merge with and destroy a victim.
Things that are here:
a hand axe; a leather armour Unknown command.
You hit the meliai but do no damage. Your bite misses the meliai.
The killer bee stings you.
* * * LOW HITPOINT WARNING * * *
The meliai hits you with a hand axe.
* * * LOW HITPOINT WARNING * * *
The meliai barely misses you. The killer bee barely misses you.
The meliai hits you but does no damage.
The meliai stings you but does no damage.
Unknown command.
Your shield and troll leather armour prevent you from hitting the meliai.
The killer bee barely misses you. The meliai hits you with a hand axe!
* * * LOW HITPOINT WARNING * * *
You block the meliai's attack. The killer bee barely misses you.
Unknown command.
You closely miss the meliai.
You hear a bellow!
You block the meliai's attack. The meliai stings you!
* * * LOW HITPOINT WARNING * * *
Your body deteriorates!
You feel dopey. The killer bee barely misses you.
The meliai hits you with a hand axe.
You die...

. # ## #y ##
.## .##k##. .
..##..#..##
...##....#...
.......y#.#.#
#{†#.#.
#.#y#.#
#.#@#{#
#.##y#. #.
#.#.#
#y...#....#
#.#.. ..[##
.P.# ####
..P. ##y..
###


You could see a meliai and 2 killer bees.

Vanquished Creatures
  Gastronok (Lair:1)
  A two-headed ogre (D:9)
  The ghost of asthiss the Blocker, a novice MiFi of Nemelex Xobeh (D:7)
  Pikel (D:6)
  A torpor snail (Lair:4)
  A spiny frog (Lair:2)
  A meliai (Lair:4)
  4 hippogriffs
  3 blink frogs (Lair:2)
  3 yaks (Lair:1)
  Menkaure (D:7)
  2 porcupines
  2 water moccasins
  A sky beast (D:6)
  An ice beast (D:5)
  Purgy (D:4)
  A slave (D:6)
  5 ogres
  5 centaurs
  5 crocodiles
  7 bullfrogs
  Blork the orc (D:6)
  2 scorpions
  3 water moccasin zombies (Ossuary)
  3 killer bees (Lair:4)
  4 crimson imps
  A centaur skeleton (D:6)
  A hound (D:11)
  An orc wizard (D:3)
  4 worker ants
  4 big kobold zombies (Ossuary)
  2 mummies (Ossuary)
  4 gnolls (D:10)
  4 adders
  2 shadow imps
  An ooze (D:1)
  3 adder zombies (Ossuary)
  3 worms
  3 dart slugs
  5 leopard geckos
  21 orcs
  3 giant cockroaches
  A gnoll zombie (Ossuary)
  10 goblins
  11 hobgoblins
  A jackal (D:1)
  6 kobolds
  2 quokkas
  A ball python (D:3)
  4 bats
  4 frilled lizards
  3 hobgoblin zombies (Ossuary)
  3 kobold zombies (Ossuary)
  A leopard gecko skeleton (D:4)
  2 leopard gecko zombies
  9 orc zombies (Ossuary)
  8 rats
189 creatures vanquished.

Vanquished Creatures (others)
  A hippogriff (D:11)
  A worker ant (D:11)
  A plant (Lair:3)
  4 toadstools (D:1)
7 creatures vanquished.

Grand Total: 196 creatures vanquished

Notes
Turn   | Place    | Note
-------+----------+-------------------------------------------
     0 | D:1      | tidbits the Vine Stalker Conjurer began the quest for the Orb.
     0 | D:1      | Reached XP level 1. HP: 9/9 MP: 4/4
    85 | D:1      | Reached skill level 3 in Stealth
    85 | D:1      | Reached XP level 2. HP: 5/14 MP: 0/6
   148 | D:1      | Reached skill level 1 in Fighting
   358 | D:1      | Reached XP level 3. HP: 18/18 MP: 4/7
   455 | D:3      | Found a sacrificial altar of Ru.
   461 | D:3      | Found a white marble altar of Elyvilon.
   549 | D:4      | Found a hazy altar of Hepliaklqana.
   549 | D:4      | Found a basalt altar of Yredelemnul.
   551 | D:4      | Found a shattered altar of Ashenzari.
   621 | D:4      | Found a shattered altar of Ashenzari.
   643 | D:4      | Reached skill level 4 in Stealth
   648 | D:4      | Reached skill level 2 in Fighting
   656 | D:4      | Noticed Purgy
   705 | D:4      | Found the +0 Maxwell's etheric cage {RegenMP+ *Contam rElec MP+4}
   710 | D:4      | Gained mutation: Your natural rate of healing is unusually fast. [Vine Stalker growth]
   710 | D:4      | Reached XP level 4. HP: 9/23 MP: 3/8
  1086 | D:2      | Learned a level 2 spell: Searing Ray
  1222 | D:3      | Found a burning altar of Makhleb.
  1226 | D:3      | Noticed a green death
  1227 | D:3      | Found a glowing silver altar of Zin.
  1227 | D:3      | Noticed an angel
  1269 | D:3      | Reached XP level 5. HP: 26/27 MP: 9/9
  1326 | D:3      | Reached skill level 1 in Evocations
  1405 | D:4      | Killed Purgy
  1405 | D:4      | Reached skill level 3 in Fighting
  1405 | D:4      | Reached skill level 5 in Stealth
  1405 | D:4      | Reached XP level 6. HP: 32/32 MP: 10/10
  1561 | D:5      | Entered Level 5 of the Dungeon
  1580 | D:5      | Noticed an ice beast
  1642 | D:5      | Killed an ice beast
  1642 | D:5      | Reached skill level 2 in Evocations
  1819 | D:5      | Reached skill level 6 in Stealth
  1831 | D:5      | Noticed a phantom
  1868 | D:5      | Reached XP level 7. HP: 37/37 MP: 11/11
  1869 | D:5      | Reached skill level 4 in Fighting
  1902 | D:5      | Found a sand-covered staircase.
  1906 | Ossuary  | Entered an ossuary
  1911 | Ossuary  | Learned a level 3 spell: Conjure Flame
  1947 | Ossuary  | Reached skill level 1 in Fire Magic
  2019 | Ossuary  | Reached skill level 2 in Fire Magic
  2066 | Ossuary  | Reached skill level 1 in Short Blades
  2139 | Ossuary  | Learned a level 3 spell: Mephitic Cloud
  2189 | D:5      | Gained mutation: You have razor-sharp teeth. [Vine Stalker growth]
  2189 | D:5      | Reached XP level 8. HP: 36/42 MP: 7/12
  2272 | D:6      | Reached skill level 5 in Conjurations
  2272 | D:6      | Reached skill level 1 in Air Magic
  2272 | D:6      | Reached skill level 1 in Poison Magic
  2304 | D:6      | Reached skill level 2 in Short Blades
  2304 | D:6      | Reached skill level 3 in Fire Magic
  2307 | D:6      | Found a glowing golden altar of the Shining One.
  2374 | D:6      | You fall through a shaft for 2 floors!
  2428 | D:7      | Found an iron altar of Okawaru.
  2460 | D:7      | Noticed Menkaure
  2478 | D:7      | Killed Menkaure
  2491 | D:7      | Reached skill level 2 in Air Magic
  2491 | D:7      | Reached skill level 2 in Poison Magic
  2497 | D:7      | Found a bloodstained altar of Trog.
  2521 | D:7      | Got a spiked chain mail
  2550 | D:7      | Found a staircase to the Ecumenical Temple.
  2559 | Temple   | Entered the Ecumenical Temple
  2600 | Temple   | Became a worshipper of Uskayaw the Reveler
  2641 | D:7      | Noticed asthiss's ghost (novice MiFi)
  2675 | D:6      | Noticed Blork the orc
  2680 | D:6      | Reached * piety under Uskayaw
  2683 | D:6      | Killed Blork the orc
  2730 | D:6      | Found Mipnoqun's Jewellery Boutique.
  2745 | D:6      | Identified the +3 chain mail "Gehoj" {Str+4} (You found it on level 7 of the Dungeon)
  2843 | D:6      | Noticed Pikel
  2852 | D:6      | Reached ** piety under Uskayaw
  2856 | D:6      | Reached *** piety under Uskayaw
  2857 | D:6      | Killed Pikel
  2857 | D:6      | Reached skill level 3 in Short Blades
  2857 | D:6      | Reached skill level 2 in Dodging
  2857 | D:6      | Reached skill level 7 in Stealth
  2857 | D:6      | Reached skill level 1 in Shields
  2857 | D:6      | Reached skill level 1 in Invocations
  2857 | D:6      | Reached skill level 3 in Evocations
  2857 | D:6      | Reached XP level 9. HP: 46/46 MP: 13/13
  2986 | D:7      | Killed asthiss's ghost
  2986 | D:7      | Reached skill level 2 in Shields
  2986 | D:7      | Reached skill level 2 in Invocations
  2995 | D:7      | Reached **** piety under Uskayaw
  3102 | D:8      | Noticed a two-headed ogre
  3151 | D:8      | Reached skill level 3 in Dodging
  3151 | D:8      | Reached skill level 4 in Evocations
  3166 | D:8      | Reached skill level 5 in Fighting
  3199 | D:8      | Found an ancient bone altar of Kikubaaqudgha.
  3339 | D:7      | Reached skill level 4 in Short Blades
  3339 | D:7      | Reached skill level 3 in Invocations
  3534 | D:9      | Noticed a two-headed ogre
  3575 | D:9      | Reached XP level 10. HP: 51/51 MP: 14/14
  3646 | D:10     | Entered Level 10 of the Dungeon
  3667 | D:9      | Reached skill level 8 in Stealth
  3934 | D:10     | Gained mutation: You are weak. (Str -2) [potion of mutation]
  3934 | D:10     | Gained mutation: Your body sometimes deteriorates upon taking damage. [potion of mutation]
  3934 | D:10     | Gained mutation: You have a pair of small antennae on your head. [potion of mutation]
  3967 | D:10     | Gained mutation: You are very weak. (Str -4) [mutagenic glow]
  4165 | D:9      | Found a snail-covered altar of Cheibriados.
  4193 | D:9      | Killed a two-headed ogre
  4193 | D:9      | Reached skill level 3 in Shields
  4427 | D:10     | Found a staircase to the Lair.
  4518 | Lair:1   | Entered Level 1 of the Lair of Beasts
  4601 | Lair:1   | Reached skill level 6 in Fighting
  4612 | Lair:1   | Reached ***** piety under Uskayaw
  4615 | Lair:1   | Reached skill level 4 in Invocations
  4706 | Lair:1   | Noticed Gastronok
  4747 | Lair:1   | Killed Gastronok
  4747 | Lair:1   | Reached skill level 7 in Fighting
  4747 | Lair:1   | Reached skill level 9 in Stealth
  4747 | Lair:1   | Reached skill level 4 in Shields
  4747 | Lair:1   | Reached skill level 5 in Evocations
  4747 | Lair:1   | Reached XP level 11. HP: 58/58 MP: 14/16
  4805 | Lair:1   | Reached skill level 5 in Invocations
  5143 | Lair:3   | Noticed a catoblepas
  5244 | Lair:2   | Noticed a death yak
  5285 | Lair:2   | Noticed a death yak
  5345 | Lair:4   | Noticed Rupert
  5400 | Lair:4   | HP: 2/60 [meliai/hand axe (8)]
  5400 | Lair:4   | Slain by a meliai

Skill      XL: |  1  2  3  4  5  6  7  8  9 10 11 |
---------------+----------------------------------+-----
Stealth        | 3 4 5 6 7 9 |  9.7
Fighting       | 1 2 3 4 5 7 |  7.8
Evocations     | 1 2 3 4 5 |  5.8
Fire Magic     | 2 3 |  3.5
Short Blades   | 1 3 4 |  4.0
Conjurations   | 5 |  5.4
Air Magic      | 2 |  2.2
Poison Magic   | 2 |  2.2
Dodging        | 2 3 |  3.5
Shields        | 1 2 4 |  4.7
Invocations    | 1 3 4 5 |  5.5
Spellcasting   | |  2.1

Action                   |  1- 3 |  4- 6 |  7- 9 | 10-12 || total
-------------------------+-------+-------+-------+-------++-------
Melee: Dagger            |    64 |    62 |   204 |    36 ||   366
       Bite              |    20 |    20 |    76 |    47 ||   163
       Unarmed           |     3 |       |       |       ||     3
       Whip              |       |       |    35 |   177 ||   212
Throw: Stone             |       |       |     1 |       ||     1
       Tomahawk          |       |       |       |     4 ||     4
 Cast: Magic Dart        |    37 |    45 |       |       ||    82
       Searing Ray       |       |    10 |     5 |     2 ||    17
       Conjure Flame     |       |       |     7 |       ||     7
       Mephitic Cloud    |       |       |     1 |       ||     1
 Abil: Evoke Berserk Rag |       |     2 |     4 |     1 ||     7
Evoke: Wand              |       |     2 |     4 |     8 ||    14
  Use: Scroll            |     4 |     7 |     4 |     6 ||    21
       Potion            |       |     1 |     9 |     6 ||    16
 Stab: Sleeping          |     3 |     2 |    13 |     6 ||    24
       Paralysed         |       |       |     8 |    10 ||    18
       Invisible         |       |       |     3 |     2 ||     5
  Eat: Chunk             |       |     5 |     3 |     7 ||    15
       Ration            |       |     2 |     1 |       ||     3
Armor: Robe              |     2 |       |       |       ||     2
       Ring mail         |    24 |    22 |       |       ||    46
       Troll leather arm |       |    13 |    79 |    55 ||   147
Dodge: Dodged            |    35 |    37 |    89 |    90 ||   251
Block: Shield            |       |       |       |    94 ||    94

Table legend:
 A = Turns spent in this place as a percentage of turns spent in the entire game.
 B = Non-inter-level travel turns spent in this place as a percentage of non-inter-level travel turns spent in the entire game.
 C = Inter-level travel turns spent in this place as a percentage of turns spent in this place.
 D = Turns resting spent in this place as a percentage of non-inter-level travel turns spent in this place.
 E = Turns spent auto-exploring this place as a percentage of non-inter-level travel turns spent in this place.
 F = Non-inter-level travel turns spent in this place divided by the number of levels of this place that you've seen.
                   A       B       C       D       E      F
               +-------+-------+-------+-------+-------+----------------------
         Total | 100.0 | 100.0 |   5.4 |   0.3 |   0.0 | 300.5
       Dungeon |  78.1 |  77.3 |   6.3 |   0.1 |   0.0 | 359.1
        Temple |   1.3 |   1.1 |  20.6 |   0.0 |   0.0 |  54.0
          Lair |  16.3 |  17.0 |   1.2 |   1.6 |   0.0 | 217.8
       Ossuary |   4.3 |   4.6 |   0.0 |   0.0 |   0.0 | 234.0
               +-------+-------+-------+-------+-------+----------------------

Table legend:
 A = Kills in this place as a percentage of kills in entire the game.
 B = Kills by you in this place as a percentage of kills by you in the entire game.
 C = Kills by friends in this place as a percentage of kills by friends in the entire game.
 D = Other kills in this place as a percentage of other kills in the entire game.
 E = Experience gained in this place as a percentage of experience gained in the entire game.
 F = Experience gained in this place divided by the number of levels of this place that you have seen.
                   A       B       C       D       E      F
               +-------+-------+-------+-------+-------+----------------------
         Total | 100.0 | 100.0 |   N/A |   N/A | 100.0 | 777.0
       Dungeon |  70.7 |  70.7 |   N/A |   N/A |  44.3 | 531.5
          Lair |  14.4 |  14.4 |   N/A |   N/A |  52.7 | 1739.5
       Ossuary |  14.9 |  14.9 |   N/A |   N/A |   3.1 | 405.0
               +-------+-------+-------+-------+-------+----------------------

Vault maps used:
D:1:      ldierk_water_garden, serial_bayou_crossing
D:2:      tgw_xom, minivault_27, kennysheep_generic_room_15
D:3:      grunt_temple_overflow_order_and_chaos_2, minitemple
D:4:      nicolae_overflow_hidden_temple, evilmike_ruin_ashenzari, uniq_purgy
D:5:      nicolae_ossuary_entry_false_entrances, first_ration
D:6:      basic_altar, serial_shops,
          nicolae_shop_temple_entry_statues_fountains, shop, shop, uniq_duvessa,
          uniq_pikel, uniq_blork_the_orc
D:7:      kennysheep_mini, kennysheep_little_box, tgw_sif,
          minmay_temple_entry_statues_fountains, uniq_menkaure
D:8:      kiku_gazebo_pond_becter, grunt_ogre_cave, kennysheep_small_circle
D:9:      kennysheep_mini_moat
D:10:     lair_entry_dummy
D:11:     serial_shops, shop, lemuel_nasty_fountain, uniq_harold
Temple:   jpeg_temple_island
Lair:1:   uniq_gastronok
Lair:2:   nicolae_swamp_entry_splash_gauntlet,
          minmay_snake_entry_guardpost_small, uniq_fannar
Lair:4:   regret_index_wax_grids, cheibrodos_lair_caveside_slide,
          lemuel_fruit_fields, uniq_nergalle, uniq_rupert
Ossuary:  ossuary_tomb_2
